 Dungeon Crawl Stone Soup version 0.13.0-25-g43d4df3 (webtiles) character file.

36 Grandi the Magician (level 2, 0/17 HPs)
             Began as a Human Wizard on Oct 30, 2013.
             Slain by an adder (2 damage)
             ... on Level 1 of the Dungeon.
             The game lasted 00:05:01 (679 turns).

Grandi the Magician (Human Wizard)                   Turns: 679, Time: 00:05:03

HP   0/17        AC  2     Str  7      XL: 2   Next: 70%
MP   1/7         EV 12     Int 18      God:
Gold 20          SH  0     Dex 11      Spells:  3 memorised,  2 levels left

Res.Fire  : . . .   See Invis. : .   q - +1,+0 dwarf short sword
Res.Cold  : . . .   Warding    : .   u - +0 robe
Life Prot.: . . .   Conserve   : .   (no shield)
Res.Poison: .       Res.Corr.  : .   b - +0 wizard hat
Res.Elec. : .       Clarity    : .   (no cloak)
Sust.Abil.: . .     Spirit.Shd : .   (no gloves)
Res.Mut.  : .       Stasis     : .   (no boots)
Res.Rott. : .       Flight     : .   (no amulet)
Saprovore : . . .                    (no ring)
                                     (no ring)

@: mildly poisoned, not resistant to hostile enchantments, fairly stealthy
A: no striking features
a: no special abilities


You were on level 1 of the Dungeon.
You were not hungry.

You visited 1 branch of the dungeon, and saw 1 of its levels.

Inventory:

Hand weapons
 g - a +0,+1 orcish dagger
 j - a +3,+0 elven dagger
 k - a +1,+2 dagger
 n - a -1,+0 orcish dagger
 q - a +1,+0 dwarven short sword (weapon)
 s - a +0,+0 elven dagger
 y - a +1,+0 elven dagger
Missiles
 e - 17 darts (quivered)
Armour
 a - a +0 robe
 b - a +0 wizard hat (worn)
 t - a +0 leather armour
 u - a +0 robe (worn)
Comestibles
 d - a bread ration
 f - a snozzcumber
 m - an apple
 v - a chunk of bat flesh
 w - a chunk of rat flesh
 x - a chunk of giant cockroach flesh
Scrolls
 h - a scroll of identify {unknown}
 l - a scroll of blinking {unknown}
 p - a scroll of enchant armour {unknown}
Potions
 i - 2 potions of restore abilities {unknown}
 o - a potion of speed {unknown}
Books
 c - a book of Minor Magic

   Spells                             Type                      Level
   *Magic Dart                        Conjuration                  1
   *Blink                             Translocation                2
   *Call Imp                          Summoning                    2
   Repel Missiles                     Charms/Air                   2
   Slow                               Hexes                        2
   Conjure Flame                      Conjuration/Fire             3
   Mephitic Cloud                     Conjuration/Poison/Air       3


   Skills:
 + Level 2.3 Dodging
 + Level 2.2 Stealth
 + Level 3.3 Spellcasting
 + Level 1.1 Conjurations
 + Level 1.0 Summonings
 + Level 1.0 Translocations


You had 2 spell levels left.
You knew the following spells:

 Your Spells              Type           Power        Failure   Level  Hunger
a - Magic Dart            Conj           #...         12%         1    None
b - Blink                 Tloc           N/A          17%         2    ##.....
c - Call Imp              Summ           #.........   17%         2    ##.....


Dungeon Overview and Level Annotations

Branches:
Dungeon (1/27)

Altars:


Message History

The adder bites you.
Your crimson imp closely misses the adder.
The adder bites you.
You are poisoned.
The adder poisons you!
You closely miss the adder.
The adder is lightly wounded.
The adder bites you.
Your crimson imp closely misses the adder.
You hit the adder but do no damage.
The adder is lightly wounded.
You feel sick. The adder barely misses you.
Your iron imp barely misses the adder.
Your crimson imp hits the adder.
You miss the adder.
The adder is moderately wounded.
* * * LOW HITPOINT WARNING * * *
You feel sick. The adder bites you.
* * * LOW HITPOINT WARNING * * *
Your iron imp misses the adder.
The adder bites you.
You die...

.....# .#...##
..... #...#
#.####...#
#........#####.#
#55.......#
#S######### #@#
####.#####
#........#
###.##.###.#
#.....>.##.#######
#...........%.....#
.....#...##.#####.#
#...........# #.#
#######.##### #.#


You could see an adder, a friendly iron imp and a friendly crimson imp.

Vanquished Creatures
  A giant cockroach (D:1)
  5 goblins (D:1)
  3 kobolds (D:1)
  2 bats (D:1)
  A giant newt (D:1)
  A rat (D:1)
13 creatures vanquished.

Vanquished Creatures (collateral kills)
  A kobold (D:1)
1 creature vanquished.

Grand Total: 14 creatures vanquished

Notes
Turn   | Place    | Note
--------------------------------------------------------------
     0 | D:1      | Grandi, the Human Wizard, began the quest for the Orb.
     0 | D:1      | Reached XP level 1. HP: 11/11 MP: 5/5
   133 | D:1      | Reached XP level 2. HP: 17/17 MP: 0/7
   137 | D:1      | Learned a level 2 spell: Blink
   140 | D:1      | Learned a level 2 spell: Call Imp
   679 | D:1      | Slain by an adder

Action                   || total
-------------------------++-------
Melee: Unarmed           ||     5
       Dagger            ||    13
       Short sword       ||    13
 Cast: Magic Dart        ||    21
       Call Imp          ||     3
